 Dungeon Crawl Stone Soup version 0.25-a0-413-g3b4b6a4ccc (webtiles) character file.

Game seed: 11984430513503625099, levelgen mode: deterministic

529 DerDa the Skirmisher (level 7, -12/63 HPs)
             Began as a Minotaur Berserker on Jan 14, 2020.
             Was a Priest of Trog.
             Blown up by a kobold (30 damage)
             ... with a disintegration bolt
             ... on level 4 of the Dungeon.
             The game lasted 00:04:50 (2347 turns).

DerDa the Skirmisher (Minotaur Berserker)           Turns: 2347, Time: 00:04:51

Health: -12/63     AC:  7    Str: 24    XL:     7   Next: 3%
Magic:  7/7        EV: 12    Int:  4    God:    Trog [***...]
Gold:   117        SH:  0    Dex:  9    Spells: 6/6 levels left

rFire    . . .     SeeInvis .   a - +0 falchion
rCold    . . .     Gourm    .   (no shield)
rNeg     . . .     Faith    .   f - +0 scale mail
rPois    .         Spirit   .   (helmet restricted)
rElec    .         Reflect  .   (no cloak)
rCorr    .         Harm     .   (no gloves)
MR       .....                  (no boots)
Stlth    ..........             o - amulet of rage
HPRegen  0.20/turn              (no ring)
MPRegen  0.10/turn              (no ring)

@: no status effects
A: retaliatory headbutt, horns 2
a: Berserk, Trog's Hand, Renounce Religion, Evoke Berserk Rage


You were on level 4 of the Dungeon.
You worshipped Trog.
Trog was most pleased with you.
You were hungry.

You visited 1 branch of the dungeon, and saw 4 of its levels.

You collected 117 gold pieces.

Inventory:

Hand Weapons
 a - a +0 falchion (weapon)
Missiles
 h - 10 poisoned darts (quivered)
 i - 160 stones
 s - 25 bolts
Armour
 b - a +0 animal skin
 f - a +0 scale mail (worn)
Jewellery
 o - an amulet of rage (around neck)
Scrolls
 e - a scroll of fear {unknown}
 g - 2 scrolls of remove curse {unknown}
 k - 2 scrolls of amnesia {unknown}
 q - 5 scrolls of identify {unknown}
 r - a scroll of magic mapping {unknown}
 u - a scroll of immolation {unknown}
 v - a scroll of fog {unknown}
Potions
 d - a potion of lignification {unknown}
 j - 2 potions of flight {unknown}
 m - a potion of curing {unknown}
 n - a potion of resistance {unknown}
 p - a potion of heal wounds {unknown}
 t - a potion of ambrosia {unknown}
 w - 3 potions of might {unknown}
 x - a potion of mutation {unknown}
Comestibles
 c - 8 rations
 l - a chunk of flesh


   Skills:
 * Level 6.1 Fighting
 + Level 4.9 Long Blades
 + Level 4.2 Armour
 * Level 4.8 Dodging
 + Level 1.9 Evocations


You had 6 spell levels left.
You didn't know any spells.
Your spell library was empty.

Dungeon Overview and Level Annotations

Branches:
Dungeon (4/15)
 Temple: D:4-7

Altars:

Annotations:
D:4 Jerej03's ghost, novice DrIE


Innate Abilities, Weirdness & Mutations

You reflexively headbutt those who attack you in melee.
You have a pair of horns on your head.


Message History

You barely miss the big kobold. Your headbutt misses the big kobold.
Your scale mail prevents you from hitting the big kobold.
The kobold hits you but does no damage.
The big kobold hits you with a +0 dagger of distortion.
Space warps horribly around you!
You hit the big kobold.
The big kobold is lightly wounded.
You are feeling hungry.
The kobold hits you but does no damage. The big kobold misses you.
You hit the big kobold. You headbutt the big kobold!
The big kobold is heavily wounded.
The kobold misses you.
The big kobold hits you but does no damage.
Space warps horribly around you!! The kobold hits you but does no damage.
Space warps horribly around you!
* * * LOW HITPOINT WARNING * * *
You are too injured to fight recklessly!
The kobold hits you but does no damage.
You blink.
The kobold zaps a wand.
You are blasted!
You die...

....#######.KK........#......##..
##....#.......K.............[#..#
###.........K..K...............#
##..........K.................
#.............................
#....#...#............#........
....###...#...........###.......
....# #...##.........## #.......
...# #...###..@....## ##...#..
..# ##...# #......## #...##.
####....# ##....## #..###.
........# ##..## #..# ##
#.......## ##.## #..# #
####.....###..# #..# ###....##..#
#..# # ##.......# ##... ##
##........# #....##.


You could see a big kobold and 3 kobolds.

Vanquished Creatures
  An ogre (D:4)
  A hound (D:4)
  4 orc priests (D:4)
  3 orc wizards
  An iguana (D:4)
  A worker ant (D:3)
  4 gnolls (D:4)
  A howler monkey skeleton (D:3)
  4 adders
  2 worms (D:3)
  2 dart slugs
  2 leopard geckos (D:1)
  8 orcs
  3 giant cockroaches
  4 goblins
  4 hobgoblins
  4 jackals (D:1)
  3 quokkas
  15 bats
  2 frilled lizards
  5 kobolds
  7 rats
81 creatures vanquished.

Vanquished Creatures (others)
  2 fungi (D:4)
  A plant (D:4)
3 creatures vanquished.

Grand Total: 84 creatures vanquished

Notes
Turn   | Place    | Note
-------+----------+-------------------------------------------
     0 | D:1      | DerDa the Minotaur Berserker began the quest for the Orb.
     0 | D:1      | Reached XP level 1. HP: 19/19 MP: 0/0
   149 | D:1      | Reached XP level 2. HP: 27/27 MP: 1/1
   183 | D:1      | Reached skill level 4 in Fighting
   564 | D:1      | Reached XP level 3. HP: 31/33 MP: 2/2
  1386 | D:3      | Reached XP level 4. HP: 39/41 MP: 3/3
  1437 | D:3      | Reached ** piety under Trog
  1523 | D:3      | Reached XP level 5. HP: 41/47 MP: 4/4
  1552 | D:3      | Reached skill level 5 in Fighting
  1720 | D:3      | Reached skill level 1 in Evocations
  2004 | D:4      | Reached XP level 6. HP: 56/56 MP: 4/6
  2073 | D:4      | Found a runed translucent gate.
  2113 | D:4      | Reached *** piety under Trog
  2115 | D:4      | Reached skill level 6 in Fighting
  2143 | D:4      | Reached XP level 7. HP: 36/63 MP: 7/7
  2148 | D:4      | Found a runed translucent gate.
  2149 | D:4      | Found a runed translucent gate.
  2149 | D:4      | Noticed Jerej03's ghost (novice DrIE)
  2347 | D:4      | Blown up by a kobold

Levels and vault maps discovered:
D:1:      dpeg_arrival_radiant, layout_rooms
D:2:      layout_rooms, st_stairs_12
D:3:      layout_basic
D:4:      layout_layer_cave, gammafunk_ghost_nasty_kobolds

Skill      XL: |  1  2  3  4  5  6 |
---------------+-------------------+-----
Fighting       | 4 5 6 |  6.1
Dodging        | 3 4 |  4.8
Long Blades    | 4 |  4.9
Armour         | 3 4 |  4.2
Evocations     | 1 |  1.9

Action                   |  1- 3 |  4- 6 |  7- 9 || total
-------------------------+-------+-------+-------++-------
Melee: Falchion          |    77 |   116 |     4 ||   197
       Headbutt          |    11 |    31 |     1 ||    43
Invok: Berserk           |       |     2 |       ||     2
  Eat: Chunk             |     2 |     3 |     1 ||     6
Armor: Animal skin       |    11 |       |       ||    11
       Scale mail        |    23 |    32 |     3 ||    58
Dodge: Dodged            |    68 |    56 |     2 ||   126
       Rpst.: Falchion   |    21 |    13 |       ||    34

Table legend:
 A = Non-vault XP
 B = Vault XP
 C = Vault XP percentage of total XP
 D = Non-vault monster count
 E = Vault monster count
 F = Vault count percentage of total count
                 A         B        C        D         E       F
            +---------+---------+-------+---------+---------+-------
      Total |     742 |      14 |   1.9 |      79 |       2 |   2.5
            +---------+---------+-------+---------+---------+-------
        D:1 |      46 |       0 |   0.0 |      25 |       0 |   0.0
        D:2 |      23 |      14 |  37.8 |       7 |       2 |  22.2
        D:3 |     171 |       0 |   0.0 |      31 |       0 |   0.0
        D:4 |     502 |       0 |   0.0 |      16 |       0 |   0.0
            +---------+---------+-------+---------+---------+-------
